 Dungeon Crawl Stone Soup version 0.31.0-7-gf635a9b802 (webtiles) character file.

Game seed: 16814776866395620252

108 ProzacElf the Poker (level 4, -1/33 HPs)
             Began as a Demonspawn Gladiator on Jan 23, 2024.
             Slain by a hobgoblin (3 damage)
             ... on level 3 of the Dungeon.
             The game lasted 00:03:18 (1622 turns).

ProzacElf the Poker (Demonspawn Gladiator)          Turns: 1622, Time: 00:03:18

Health: -1/33      AC:  6    Str: 14    XL:     4   Next: 58%
Magic:  4/4        EV: 11    Int: 15    God:
Gold:   65         SH:  4    Dex: 16    Spells: 3/3 levels left

rFire   . . .        a - +0 trident
rCold   . . .        (no shield)
rNeg    . . .        r - +0 ring mail
rPois   +            c - +0 helmet
rElec   .            (no cloak)
rCorr   .            (no gloves)
SInv    .            (no boots)
Will    .....        x - amulet of regeneration
Stlth   +            o - +6 ring of intelligence
HPRegen 1.05/turn    s - ring of poison resistance
MPRegen 0.09/turn

%: no passive effects
@: no status effects
A: powered by pain 2, condensation shield
a: no special abilities


You were on level 3 of the Dungeon.
You visited 1 branch of the dungeon, and saw 3 of its levels.

You collected 65 gold pieces.

Inventory:

Hand Weapons
 a - a +0 trident (weapon)
Missiles
 d - 3 throwing nets
 e - a javelin
 k - 3 poisoned darts (quivered)
 l - 2 boomerangs
Armour
 b - a +0 leather armour
 c - a +0 helmet (worn)
 m - an orb of wrath
 r - a +0 ring mail (worn)
Jewellery
 o - a +6 ring of intelligence (left hand)
 s - a ring of poison resistance (right hand)
 x - an amulet of regeneration (around neck)
Scrolls
 f - a scroll of brand weapon {unknown}
 h - a scroll of teleportation {unknown}
 i - a scroll of vulnerability {unknown}
 p - a scroll of amnesia {unknown}
 t - a scroll of fear {unknown}
 u - a scroll of immolation {unknown}
 w - a scroll of poison {unknown}
Potions
 g - a potion of resistance
 A - a potion of might {unknown}


   Skills:
 - Level 2.0 Fighting
 + Level 4.2 Polearms
 - Level 3.0 Throwing
 - Level 2.6 Dodging


You had 3 spell levels left.
You didn't know any spells.
Your spell library was empty.

Dungeon Overview and Level Annotations

Branches:
Dungeon (3/15)

Altars:

Shops:
D:2 =


Innate Abilities, Weirdness & Mutations

You sometimes gain power by taking damage.
A meltable shield of frost defends you. (SH +4)


Message History

Yer Polearms skill increases ta level 4!
Ye barely miss tha orc.
Tha orc hits ye but does nay damage.
Tha hobgoblin completely misses ye.
Tha orc completely misses ye.
Tha orc hits ye but does nay damage.
Tha orc throws a boomerang.
Tha boomerang hits tha ball python.
Ye closely miss tha orc.
Tha hobgoblin hits ye but does nay damage.
Tha orc barely misses ye.
Tha orc hits ye but does nay damage.
Tha orc throws a boomerang.
Tha boomerang hits tha ball python.
Tha ball python dies!
Ye completely miss tha orc.
Tha hobgoblin hits ye.
* * * LOW HITPOINT WARNIN'
* * * Tha orc hits ye but does nay damage. x2; Tha orc hits ye wit' a +0 dagger.
* * * LOW HITPOINT WARNIN'
* * * Ye take 1 damage, an' haf 10/49 hp.
It was a potion o' 'nlightenmn't.
Yer roots keep ye in place.
Tha hobgoblin hits ye but does nay damage.
Tha orc hits ye but does nay damage. x2; Tha orc hits ye wit' a +0 dagger.
* * * LOW HITPOINT WARNIN'
* * * Tha orc hits ye but does nay damage.
Ye take 1 damage, an' haf 9/49 hp.
Ye barely miss tha orc.
Tha hobgoblin hits ye but does nay damage.
Tha orc barely misses ye.
Ye block tha orc's attack.
Tha orc hits ye wit' a +0 dagger.
* * * LOW HITPOINT WARNIN'
* * * Tha orc hits ye wit' a +0 flail.
* * * LOW HITPOINT WARNIN'
* * * Ye take 3 damage, an' haf 6/49 hp.
It was a potion o' cancellation.
Yer magical effects be unravellin'.
Ye feel magic'lly purged.
Ye feel less wood'n.
Yer +0 helmet unmelds from yer body.
Yer +0 rin' mail unmelds from yer body.
Ye flicker back inta view.
Yer resistance ta elemn'ts 'spires.
Yer 'nlightenmn't fades.
Tha orc hits ye wit' a +0 hand axe.
* * * LOW HITPOINT WARNIN'
* * * Tha orc barely misses ye.
Ye block tha orc's attack.
Tha hobgoblin hits ye.
Ye die...

#.# ..###.....#### #.#
.............. #.#
.......?....? #.#
............ #.#
........... #.# ##
#.......... #.# .#
#.ooo......
#.#######.#)###oogo......
#.#.....#.#....o@o###...
#.#.......#######.#
#.#####.#########.#
#.................#
#######.########### #.#
#.#################
#.#........#......#
#.#.######.#.####.#


You could see an orc priest, 7 orcs and a hobgoblin.

Vanquished Creatures
  An orc wizard (D:3)
  A gnoll (D:1)
  3 adders (D:2)
  A dart slug (D:3)
  A ribbon worm (D:2)
  3 ball pythons
  7 bats
  5 endoplasms
  A hobgoblin (D:2)
  4 jackals (D:1)
  6 kobolds
  3 quokkas (D:2)
  A frilled lizard (D:2)
  2 rats
39 creatures vanquished.

Vanquished Creatures (others)
  A ball python (D:3)
1 creature vanquished.

Grand Total: 40 creatures vanquished

Notes
Turn   | Place    | Note
-------+----------+-------------------------------------------
     0 | D:1      | ProzacElf the Demonspawn Gladiator began the quest for the
                  | Orb.
     0 | D:1      | Reached XP level 1. HP: 16/16 MP: 1/1
    59 | D:1      | Reached skill level 3 in Polearms
    59 | D:1      | Gained mutation: You sometimes gain a little power by
                  | taking damage. [demonic ancestry]
    59 | D:1      | Reached XP level 2. HP: 21/22 MP: 2/2
   555 | D:2      | Gained mutation: You sometimes gain power by taking damage.
                  | [demonic ancestry]
   555 | D:2      | Reached XP level 3. HP: 15/27 MP: 3/3
  1252 | D:2      | Found Bagy's Jewellery Emporium.
  1420 | D:2      | Gained mutation: A meltable shield of frost defends you.
                  | (SH +4) [demonic ancestry]
  1420 | D:2      | Reached XP level 4. HP: 31/33 MP: 4/4
  1617 | D:3      | Reached skill level 4 in Polearms
  1622 | D:3      | Slain by a hobgoblin

Illustrated notes

Levels and vault maps discovered:
D:1:      dpeg_arrival_houses_and_road, layout_rooms
D:2:      layout_loops_cross, serial_shops, shop, corner_web_ring
D:3:      layout_basic, vehumet_altar_wand_db, mainiacjoe_overflow_alcove_1,
          gup_sewer_entry_glass

Skill      XL: |  1  2  3  4 |
---------------+-------------+-----
Throwing       | 2 3 |  3.0
Polearms       | 3 4 |  4.2
Fighting       | |  2.0
Dodging        | |  2.6

Action                     |  1- 3 |  4- 6 || total
---------------------------+-------+-------++-------
  Melee: Trident           |   116 |    39 ||   155
         Punch             |     2 |       ||     2
    Use: Potion            |       |     6 ||     6
   Stab: Sleeping          |     3 |       ||     3
 Armour: Leather armour    |    22 |       ||    22
         Ring mail         |    28 |    40 ||    68
         Skin              |       |    70 ||    70
  Dodge: Dodged            |    58 |    48 ||   106
  Block: Other             |       |    21 ||    21

Action                     |  1- 3 |  4- 6 || total
---------------------------+-------+-------++-------
  Melee: Trident           |   116 |    39 ||   155
         Punch             |     2 |       ||     2
    Use: Potion            |       |     6 ||     6
   Stab: Sleeping          |     3 |       ||     3
 Armour: Leather armour    |    22 |       ||    22
         Ring mail         |    28 |    40 ||    68
         Skin              |       |    70 ||    70
  Dodge: Dodged            |    58 |    48 ||   106
  Block: Other             |       |    21 ||    21

Levels and vault maps discovered:
D:1:      dpeg_arrival_houses_and_road, layout_rooms
D:2:      layout_loops_cross, serial_shops, shop, corner_web_ring
D:3:      layout_basic, vehumet_altar_wand_db, mainiacjoe_overflow_alcove_1,
          gup_sewer_entry_glass
